 Dungeon Crawl Stone Soup version 0.31.0-32-g396128a36d (webtiles) character file.

Game seed: 2431127316861505769

21 Ekko the Chopper (level 2, -1/40 HPs)
             Began as a Minotaur Berserker on Apr 22, 2024.
             Was a Follower of Trog.
             Succumbed to an adder's poison
             ... on level 2 of the Dungeon.
             The game lasted 00:04:35 (576 turns).

Ekko the Chopper (Minotaur Berserker)                Turns: 576, Time: 00:04:36

Health: -1/40      AC:  4    Str: 21    XL:     2   Next: 65%
Magic:  1/1        EV: 12    Int:  4    God:    Trog [*.....]
Gold:   81         SH:  0    Dex:  9    Spells: 1/1 levels left

rFire   x . .        a - +0 hand axe
rCold   + . .        (no shield)
rNeg    . . .        b - +0 animal skin
rPois   .            (helmet restricted)
rElec   .            j - +1 cloak
rCorr   .            (no gloves)
SInv    .            (no boots)
Will    .....        (no amulet) Stlth
                     i - ring of ice
HPRegen 0.26/turn    (no ring)
MPRegen 0.07/turn

%: no passive effects
@: berserking, lethally poisoned (-1 -> -9), very quick
A: horns 2, retaliatory headbutt
a: Renounce Religion, Berserk


You were on level 2 of the Dungeon.
You worshipped Trog.
Trog was aware of your devotion.
You visited 1 branch of the dungeon, and saw 2 of its levels.

You collected 81 gold pieces.

Inventory:

Hand Weapons
 a - a +0 hand axe (weapon)
Armour
 b - a +0 animal skin (worn)
 j - a +1 cloak (worn)
Jewellery
 i - a ring of ice (left hand)
Scrolls
 c - a scroll of revelation {unknown}
 d - a scroll of identify {unknown}
 g - a scroll of fear {unknown}
 h - a scroll of amnesia {unknown}
 k - a scroll of fog {unknown}
Potions
 e - a potion of brilliance {unknown}
 f - a potion of attraction {unknown}


   Skills:
 + Level 4.0 Fighting
 + Level 4.0 Axes
 + Level 2.9 Armour
 + Level 2.6 Dodging


You had one spell level left.
You didn't know any spells.
Your spell library was empty.

Dungeon Overview and Level Annotations

Branches:
Dungeon (2/15)

Altars:


Innate Abilities, Weirdness & Mutations

You have a pair of horns on your head.
You reflexively headbutt those who attack you in melee.


Message History

You headbutt the adder, but do no damage.
You feel sick. The adder bites you but does no damage.
The adder barely misses you.
You barely miss the adder.
You feel sick. The adder bites you but does no damage.
You hit the adder. Your headbutt misses the adder.
The adder is lightly wounded.
You feel sick. The adder bites you.
You are more poisoned.
The adder poisons you!
You hit the adder but do no damage. Your headbutt misses the adder.
The adder is lightly wounded.
You feel sick. The adder barely misses you.
The adder bites you but does no damage.
You completely miss the adder.
You feel sick. The adder closely misses you.
You miss the adder.
You feel sick. The adder closely misses you. The adder bites you.
* * * LOW HITPOINT WARNING * * *
You are lethally poisoned!
The adder poisons you!
A red film seems to cover your vision as you go berserk!
You feel yourself moving faster!
You feel mighty!
* * * LOW HITPOINT WARNING * * *
You feel very sick. The adder bites you.
* * * LOW HITPOINT WARNING * * *
You are more poisoned.
The adder poisons you!
You closely miss the adder.
* * * LOW HITPOINT WARNING * * *
You feel sick. The adder barely misses you. You furiously retaliate!
You headbutt the adder. You barely miss the adder.
The adder is moderately wounded.
* * * LOW HITPOINT WARNING * * *
You feel sick. The adder closely misses you.
You barely miss the adder. You headbutt the adder!
You kill the adder!
Trog accepts your kill.
You die...

...............
...............
...............
.............. ##+
#........#...
...##...........#
........#...........#
.............'...@........
.............#...........#
............#....####...#
...........#...^# ..#
#.........#....# ...
#.........#....####..
###..................#
.#....................#
.#....................# ..


There were no monsters in sight!

Vanquished Creatures
  An adder (D:2)
  3 ball pythons
  3 endoplasms
  A giant cockroach (D:1)
  2 goblins (D:1)
  3 hobgoblins (D:1)
  A kobold (D:2)
  2 bats (D:1)
  A frilled lizard (D:1)
  3 rats (D:1)
20 creatures vanquished.

Notes
Turn   | Place    | Note
-------+----------+-------------------------------------------
     0 | D:1      | Ekko the Minotaur Berserker began the quest for the Orb.
     0 | D:1      | Reached XP level 1. HP: 19/19 MP: 0/0
   106 | D:1      | Reached XP level 2. HP: 25/27 MP: 1/1
   575 | D:2      | HP: 1/40 [poisoned by an adder]
   576 | D:2      | Succumbed to an adder's poison

Illustrated notes

Levels and vault maps discovered:
D:1:      amcnicky_arrival_single_pillar, layout_rooms
D:2:      layout_basic, hangedman_abyss_or_decor_stabs,
          nicolae_kite_square_tiling_tiny

Skill      XL: |  1  2 |
---------------+-------+-----
Fighting       | 4 |  4.0
Axes           | 4 |  4.0
Armour         | |  2.9
Dodging        | |  2.6

Action                     || total
---------------------------++-------
  Melee: Hand axe          ||    50
         Headbutt          ||     8
 Invoke: Berserk           ||     1
 Armour: Animal skin       ||    31
  Dodge: Dodged            ||    26
